 Seeded DCSS version 0.30-a0-748-ge6a52f7cba (webtiles) character file.

Game seed: 5772684963948250150 (custom seed)

10 hikkokomori the Slasher (level 2, -6/22 HPs)
             Began as a Demonspawn Gladiator on Feb 9, 2023.
             Mangled by a gnoll
             ... wielding a +0 halberd
              (9 damage)
             ... on level 2 of the Dungeon.
             The game lasted 00:00:50 (704 turns).

hikkokomori the Slasher (Demonspawn Gladiator)       Turns: 704, Time: 00:00:51

Health: -6/22      AC:  4    Str: 14    XL:     2   Next: 10%
Magic:  2/2        EV: 12    Int:  9    God:
Gold:   49         SH:  0    Dex: 14    Spells: 1/1 levels left

rFire   . . .      SeeInvis .    a - +0 long sword
rCold   . . .      Faith    .    (no shield)
rNeg    . . .      Spirit   .    b - +0 leather armour
rPois   .          Reflect  .    c - +0 helmet
rElec   .          Harm     .    (no cloak)
rCorr   .          Rampage  .    (no gloves)
Will    .....                    (no boots)
Stlth   +                        (no amulet)
HPRegen 0.23/turn                (no ring)
MPRegen 0.08/turn                (no ring)

@: no status effects
A: foul stench 1
a: no special abilities


You were on level 2 of the Dungeon.
You visited 1 branch of the dungeon, and saw 2 of its levels.

You collected 49 gold pieces.

Inventory:

Hand Weapons
 a - a +0 long sword (weapon)
Missiles
 d - 3 throwing nets (quivered)
 e - a javelin
Armour
 b - a +0 leather armour (worn)
 c - a +0 helmet (worn)
Jewellery
 l - a ring of ice
Scrolls
 f - a scroll of identify {unknown}
 g - a scroll of poison {unknown}
 k - a scroll of blinking {unknown}
 m - a scroll of immolation {unknown}
 n - a scroll of fear {unknown}
 o - a scroll of brand weapon {unknown}
Potions
 h - 2 potions of mutation {unknown}
 i - a potion of berserk rage {unknown}
 j - a potion of curing {unknown}
 p - a potion of flight {unknown}


   Skills:
 + Level 2.2 Fighting
 + Level 2.9 Long Blades
 - Level 1.7 Throwing
 + Level 2.9 Dodging


You had one spell level left.
You didn't know any spells.
Your spell library contained the following spells:

 Spells                   Type           Power      Damage    Failure   Level
 Ignite Poison            Fire/Tmut/Pois 0%         N/A       83%         3
 Kindle Blastsparks       Fire/Tloc/Air  0%         2d10      83%         3
 Freezing Cloud           Conj/Ice/Air   0%         6-21      100%        5


Dungeon Overview and Level Annotations

Branches:
Dungeon (2/15)

Altars:

Shops:
D:1 :?((


Innate Abilities, Weirdness & Mutations

You may rarely emit foul miasma when damaged in melee.


Message History

No target in view!
No target in view!
No target in view!
You enter the shallow water.
Moving in this stuff is going to be slow.
You hit the rat.
You kill the rat!
Done exploring.
Done exploring.
Done exploring.
Done exploring.
No target in view!
Done exploring.
Search for what [? for help]? ringg Can't find anything matching that.
(D) Dungeon
Where to? (? - help)
What level of the Dungeon? (default 1, ? - help)
There is a stone staircase leading down here.
You climb downwards.
The gnoll shouts! x2; You hear a shout! x2; The gnoll shouts! x2
Found an escape hatch in the floor.
There is a stone staircase leading up here.
There are monsters nearby!
The gnoll misses you.
You barely miss the gnoll. The gnoll barely misses you.
The gnoll closely misses you.
You closely miss the gnoll. The gnoll misses you.
The gnoll hits you but does no damage.
You slash the gnoll!
The gnoll is almost dead.
The gnoll completely misses you. The gnoll hits you with a +0 halberd!
Ouch! That really hurt!
The gnoll attacks as you move away! The gnoll barely misses you.
The gnoll hits you from afar with a +0 halberd!
* * * LOW HITPOINT WARNING * * *
A goblin comes into view.
It is wielding a +0 dagger of protection.
There is a stone staircase leading up here.
The gnoll hits you from afar with a +0 halberd!
You die...

###
#@#
#.#
#g#
#g#


.gg #g. >... ...g ...#. You could see 4 gnolls, a hobgoblin and a goblin.

Vanquished Creatures
  2 goblins (D:1)
  2 kobolds (D:1)
  A quokka (D:1)
  A ball python (D:1)
  A frilled lizard (D:1)
  4 rats (D:1)
11 creatures vanquished.

Notes
Turn   | Place    | Note
-------+----------+-------------------------------------------
     0 | D:1      | hikkokomori the Demonspawn Gladiator began the quest for
                  | the Orb.
     0 | D:1      | Reached XP level 1. HP: 16/16 MP: 1/1
    70 | D:1      | Found Tisut's Weapon Shoppe.
   399 | D:1      | Found Hacah's Antique Weapon Emporium.
   400 | D:1      | Found Huucwiuf's Magic Scroll Shoppe.
   429 | D:1      | Found Bangeh's Book Boutique.
   441 | D:1      | Gained mutation: You may rarely emit foul miasma when
                  | damaged in melee. [demonic ancestry]
   441 | D:1      | Reached XP level 2. HP: 22/22 MP: 2/2
   704 | D:2      | Mangled by a gnoll

Illustrated notes

Levels and vault maps discovered:
D:1:      sevenhm_arrival_forest_fort_small_3, layout_basic, serial_shops, shop,
          nicolae_shop_trees, shop, shop, corner_web_ring,
          chequers_serial_rivers_micro_b, serial_bayou_pond_e
D:2:      layout_basic, chequers_ecumenical_altar_simple, minmay_joined_circles,
          uniq_jessica

Action                     || total
---------------------------++-------
  Melee: Long sword        ||    20
         Punch             ||     1
 Armour: Leather armour    ||     7
  Dodge: Dodged            ||    17

Table legend: (Time is in decaauts)
 A = Elapsed time spent in this place.
 B = Non-inter-level travel time spent in this place.
 C = Inter-level travel time spent in this place.
 D = Time resting spent in this place.
 E = Time spent auto-exploring this place.
 F = Levels seen in this place.
 G = Mean time per level.
                   A        B        C        D        E       F      G
               +--------+--------+--------+--------+--------+-----+--------+
         Total |    711 |    691 |     20 |      0 |    614 |   2 |  355.5 |
       Dungeon |    711 |    691 |     20 |      0 |    614 |   2 |  355.5 |
               +--------+--------+--------+--------+--------+-----+--------+

Top non-repeatable levels by time:
     D:1: 704 daAuts
     D:2: 6 daAuts
